cohdb
Replays
Latest Replays
All Replays
Popular Replays
Top Player Replays
Match Explorer
How It Works
Community
CoH3 Stats
Reddit
Sign in to upload your games and track your stats! →
Sign in with Steam
Match 39680796
Unlisted
Match 39680796
Overview
Messages
Build Orders
End
250 Light Carrier
Selects Italian Infantry
Panzergrenadier Squad
Panzergrenadier Squad
Construct Light Support Kompanie
Fire Support Elements
Panzergrenadier Squad
Selects Defensive Operations
Combat Half-tracks
2.5-tonne Medical Truck
le.IG 18 Mechanized Group
Selects Guastatori Squad
Selects L6/40 Light Tank Combat Group
Construct Panzerarmee Kommand
Selects Towed Cannone da 105/28 Field Howitzer
Towed Cannone da 105/28 Field Howitzer
Armored Reserves
Selects Territory Booby Traps
Tiger Heavy Tank
killall
The MidgetCrusader69
Pinche Wey
Six6xd999
Nini
Muhwagwa
rhrl7134
guo
0
0
Comments
sign in to comment!
No comments posted yet!